 Dungeon Crawl Stone Soup version 0.14-a0-1974-gdb6e453 (webtiles) character file.

96 Piginabag the Insei (level 3, 0/23 HPs)
             Began as an Octopode Transmuter on Jan 18, 2014.
             Succumbed to an adder's poison
             ... on Level 2 of the Dungeon.
             The game lasted 00:01:08 (1053 turns).

Piginabag the Insei (Octopode Transmuter)           Turns: 1053, Time: 00:01:08

HP   0/23        AC  1     Str  9      XL: 3   Next: 41%
MP   6/6         EV 18     Int 15      God:
Gold 59          SH  0     Dex 18      Spells:  2 memorised,  2 levels left

rFire  . . .     SeeInvis .       - Unarmed
rCold  . . .     Clarity  .     (no shield)
rNeg   . . .     Conserve .     (helmet restricted)
rPois  .         rCorr    .     (no amulet)
rElec  .         rRot     .     (no ring)
SustAb . .       Spirit   .     (no ring)
rMut   .         Warding  .     (no ring)
Saprov . . .     Stasis   .     (no ring)
MR     .....                    (no ring)
                                (no ring)
                                (no ring)
                                (no ring)

@: invisible, agile, mildly poisoned, very slightly contaminated, not resistant
to hostile enchantments, quite stealthy
A: almost no armour, amphibious, 8 rings, constrict 8, camouflage 1, gelatinous
body 1
a: no special abilities


You were on level 2 of the Dungeon.
You were hungry.

You visited 1 branch of the dungeon, and saw 2 of its levels.

You collected 59 gold pieces.

Inventory:

Missiles
 b - 12 arrows
Comestibles
 a - a bread ration
 c - a meat ration
 j - a pear
Scrolls
 e - a scroll of recharging {unknown}
 f - a scroll of enchant weapon II {unknown}
 i - a scroll of curse jewellery {unknown}
 k - a scroll of noise {unknown}
 l - a scroll of remove curse {unknown}
 m - a scroll of teleportation {unknown}
Books
 d - a book of Changes

   Spells                             Type                      Level
   *Beastly Appendage                 Transmutation                1
   Sticks to Snakes                   Transmutation                2
   *Spider Form                       Transmutation/Poison         3
   Ice Form                           Ice/Transmutation            4
   Blade Hands                        Transmutation                5


   Skills:
 + Level 1.3 Fighting
 + Level 2.3 Dodging
 + Level 0.4 Stealth
 + Level 3.4 Unarmed Combat
 + Level 2.3 Spellcasting
 + Level 2.4 Transmutations


You had 2 spell levels left.
You knew the following spells:

 Your Spells              Type           Power        Failure   Level  Hunger
a - Beastly Appendage     Trmt           #.....       12%         1    #......
b - Spider Form           Trmt/Pois      #.........   43%         3    ####...


Dungeon Overview and Level Annotations

Branches:
Dungeon (2/16)

Altars:


Innate Abilities, Weirdness & Mutations

You cannot wear most types of armour.
You are amphibious.
You can wear up to eight rings at the same time.*
You can use your tentacles to constrict many enemies at once.*
Your skin changes colour to match your surroundings (Stlth).*
Your rubbery body absorbs attacks (AC +1).*


Message History

* * * LOW HITPOINT WARNING * * *
You feel sick.
You start resting.
* * * LOW HITPOINT WARNING * * *
You feel sick.
You start resting.
* * * LOW HITPOINT WARNING * * *
You feel sick.
You start resting.
* * * LOW HITPOINT WARNING * * *
You feel sick.
Drink which item? (? for menu, Esc to quit)
You fade into invisibility!
It was a potion of invisibility.
You are very lightly contaminated with residual magic.
Drink which item? (? for menu, Esc to quit)
You feel agile all of a sudden.
It was a potion of agility.
You start resting.
You die...

#...# # # #...# .#
#.####...##.##
.........#...#
#.........# .
#.#...#...# ... #.#...#
### ......######.#...#
#.......@....#..##
##........<.....#
##.####..####.#########
#................#
###.###.##.#######.#
... #....# .#.###.#.##
# .#.....#.# #
###.###.#


There were no monsters in sight!

Vanquished Creatures
  2 adders (D:2)
  4 goblins (D:1)
  3 hobgoblins
  4 kobolds
  3 bats (D:1)
  A giant cockroach (D:1)
  3 giant newts
  2 rats (D:1)
22 creatures vanquished.

Notes
Turn   | Place    | Note
--------------------------------------------------------------
     0 | D:1      | Piginabag, the Octopode Transmuter, began the quest for the Orb.
     0 | D:1      | Reached XP level 1. HP: 13/13 MP: 3/3
   157 | D:1      | Reached XP level 2. HP: 13/18 MP: 4/4
   723 | D:2      | Reached XP level 3. HP: 23/23 MP: 4/6
   939 | D:2      | Learned a level 3 spell: Spider Form
  1049 | D:2      | HP: 1/23 [poisoned by an adder]
  1053 | D:2      | Succumbed to an adder's poison

Action                   || total
-------------------------++-------
Melee: Unarmed           ||    51
 Cast: Beastly Appendage ||    10
  Use: Potion            ||     3
 Stab: Sleeping          ||     1
